 Dungeon Crawl Stone Soup version 0.30.2 (webtiles) character file.

Game seed: 17356950205232761408

29967 porpoise the Prestidigitator (level 13, -3/101 HPs)
             Began as a Djinni Earth Elementalist on Feb 13, 2024.
             Was an Elder of Makhleb.
             Engulfed by an ice statue's freezing vapour (27 damage)
             ... in an ice cave.
             The game lasted 01:07:15 (12891 turns).

porpoise the Prestidigitator (DjEE)                Turns: 12891, Time: 01:07:15

Health: -3/101     AC: 11    Str: 13    XL:     13   Next: 85%
Gold:   1369       EV: 17    Int: 26    God:    Makhleb [****..] SH: 10 Dex:  9

rFire   + + +        b - +5 sling of Makhleb's Approval {antimagic, Str+4 Int+6 Dex-5}
rCold   x x .        l - +1 buckler
rNeg    . . .        I - +3 salamander hide armour {Flames, rFlCloud rF++ rC--}
rPois   ∞            o - +1 helmet
rElec   .            F - +0 cloak
rCorr   .            S - +1 pair of gloves
SInv    .            (boots unavailable)
Will    +....        c - amulet of Ascent {Reflect Regen+ Str+2 Int-2 SH+5}
Stlth   ++           A - +5 ring of evasion
HPRegen 1.16/turn    q - ring of protection from cold
MPRegen 0.00/turn

%: reflection, infuse magic (-4 HP)
@: flying
A: sickness immunity, fire resistance 2, cold vulnerability 1, float, innate
caster, HP casting, extra vitality 1
a: Renounce Religion, Minor Destruction, Lesser Servant of Makhleb, Major
Destruction


You were in an ice cave.
You worshipped Makhleb.
Makhleb was greatly pleased with you.
You visited 3 branches of the dungeon, and saw 14 of its levels.
You also visited: Bailey and Ice Cave.

You collected 1369 gold pieces.

Inventory:

Hand Weapons
 a - a +3 short sword of venom
 b - the +5 sling of Makhleb's Approval (weapon) {antimagic, Str+4 Int+6 Dex-5}
   (You found it on level 2 of the Dungeon)

   Str:       It affects your strength (+4).
   Int:       It affects your intelligence (+6).
   Dex:       It affects your dexterity (-5).
Missiles
 V - 3 throwing nets
Armour
 l - a +1 buckler (worn)
 o - a +1 helmet (worn)
 F - a +0 cloak (worn)
 I - the +3 salamander hide armour (worn) {Flames, rFlCloud rF++ rC--}
   (You found it in a bailey)

   Flames:    It surrounds you with flame clouds and enhances your fire magic.
   rFlCloud:  It grants immunity to flame clouds.
   rF:        It greatly protects you from fire.
   rC:        It makes you very vulnerable to cold.
 S - a +1 pair of gloves (worn)
Magical Staves
 w - a staff of conjuration
Jewellery
 c - the amulet of Ascent (around neck) {Reflect Regen+ Str+2 Int-2 SH+5}
   (You acquired it on level 6 of the Dungeon)

   [amulet of reflection]

   It reflects blocked missile attacks.
   Str:       It affects your strength (+2).
   Int:       It affects your intelligence (-2).
   Regen:     It increases your rate of health regeneration.
   SH:        It affects your SH (+5).
 q - a ring of protection from cold (right hand)
 A - a +5 ring of evasion (left hand)
 Q - a ring of positive energy
 Y - a ring of protection from cold
Wands
 v - a wand of mindburst (7)
 y - a wand of polymorph (6)
 B - a wand of iceblast (9)
 P - a wand of flame (16)
Scrolls
 g - a scroll of poison
 m - a scroll of fog
 p - a scroll of magic mapping
 r - 5 scrolls of identify
 z - a scroll of blinking
 C - 5 scrolls of teleportation
 R - a scroll of fear
 T - a scroll of vulnerability
Potions
 d - a potion of attraction
 e - 6 potions of might
 f - a potion of heal wounds {unknown}
 n - 3 potions of haste
 t - 5 potions of lignification
 x - a potion of berserk rage
 E - 4 potions of curing
Miscellaneous
 G - a lightning rod (4/4)


   Skills:
 - Level 12.0 Fighting
 - Level 7.0 Short Blades
 * Level 7.1 Dodging
 - Level 5.0 Stealth
 - Level 5.0 Shields
 - Level 9.0 Spellcasting
 * Level 5.0 Invocations
 + Level 12.3 Evocations


You knew the following spells:

 Your Spells              Type           Power      Damage    Failure   Level
a - Sandblast             Erth           100%       2d20      1%          1
b - Stone Arrow           Conj/Erth      100%       3d13      1%          3
c - Petrify               Tmut/Erth      55%        N/A       2%          4
d - Iskenderun's Mystic   Conj/Tloc      55%        2d12      2%          4
e - Shock                 Conj/Air       100%       1d9       1%          1
f - Lesser Beckoning      Tloc           100%       N/A       1%          2
g - Spider Form           Tmut/Pois      55%        N/A       1%          3
h - Passwall              Tmut/Erth      45%        N/A       1%          2
j - Silence               Hex/Air        27%        N/A       6%          5
U - Dispel Undead         Necr           55%        3d20      2%          4
Your spell library was empty.

Dungeon Overview and Level Annotations

Branches:
Dungeon (10/15)            Temple (1/1) D:5            Lair (3/5) D:9
  Swamp (0/4) Lair:2       Bailey (visited)           IceCv (1/1)
  Snake: Lair:2-3    Spider: Lair:2-3       Orc: D:9-12

Altars:
Ashenzari
Cheibriados
Dithmenos
Elyvilon
Fedhas
Gozag
Hepliaklqana
Makhleb
Nemelex Xobeh
Okawaru
Qazlal
Ru
Trog
Uskayaw
Wu Jian
Xom
Yredelemnul
Zin
The Shining One

Shops:
D:8 *

Portals:
Trove: D:10 (give +7 demon trident)

Annotations:
Lair:2 3 runed translucent doors, porpoise's ghost, journeyman MfGl IceCv exclusion: ice statue


Innate Abilities, Weirdness & Mutations

You are immune to sickness and miasma.
You are immune to poison.
Your flesh is very heat resistant. (rF++)
You are vulnerable to cold. (rC-)
You float through the air rather than walking.
You learn spells naturally, not from books.
Your magical power is your life essence.
You have superior vitality. (+4 MHP)


Message History

You kill the slime creature!
Makhleb accepts your kill.
You feel better.
Your Invocations skill increases to level 5!
Found a war axe of freezing and a heavily runed golden ring.
Found a leather armour and the Information on Hoarfrost.
Acid dripping from the walls corrodes you.
An ice statue comes into view.
Marking area around an ice statue as unsafe for travelling.
The ice statue gestures at you.
You hear a sizzling sound!
You see here a +2 war axe of freezing.
You are engulfed in freezing vapours.
The ice statue gestures.
You see here the ring of Lugonu's Hope {rElec rC- rCorr Str+6}.
Unknown command.
Really quaff the potion of attraction?
Okay, then.
You are engulfed in freezing vapours.
You are engulfed in freezing vapours.
* * * LOW HITPOINT WARNING * * *
You are too injured to fight recklessly!
Casting: Sandblast (safe; 1% risk of failure)
Confirm with . or Enter, or press ? or * to list all spells.
Okay, then.
Unknown command.
Casting: Sandblast (safe; 1% risk of failure)
Confirm with . or Enter, or press ? or * to list all spells.
You don't know that spell.
Unknown command.
Casting: Sandblast (safe; 1% risk of failure)
Confirm with . or Enter, or press ? or * to list all spells.
Aiming: Sandblast (safe; 1% risk of failure)
Press: ? - help, Shift-Dir - straight line, f - ice beast
Aim: an ice beast (freezing vapour, summoned, 85% to hit)
The blast of sand hits the ice beast!
The ice beast is heavily wounded.
* * * LOW HITPOINT WARNING * * *
You are engulfed in freezing vapours.
You die...

##.####.##
..#..##...#
..#.....∩∩#
#..#..##...#
8☼##.####.##
#○○#..# ###
○○##..# ..
##Y○##.##
#.. #@○○#..#
#.. #☼§##..#
#.. #○##..##
#..##○#...#
#...#....##
#.......##
#.......#
##......#
#.....##


You could see an ice statue and an ice beast (summoned).

Vanquished Creatures
  A catoblepas (Lair:1)
  Harold (D:10)
  A hydra (Lair:2)
  3 two-headed ogres
  4 death yaks (Lair:2)
  2 bog bodies (Lair:2)
  3 black mambas
  A gargoyle (Bailey)
  Maggie (D:7)
  2 cane toads
  A rime drake (Lair:1)
  12 komodo dragons
  2 ice devils (Lair:3)
  3 polar bears
  Grinder (D:5)
  2 hornets
  3 blink frogs (Lair:2)
  10 slime creatures (IceCv)
  25 yaks
  A wyvern (D:9)
  7 vampire mosquitoes
  2 vampires
  Grum (D:10)
  A basilisk (Lair:2)
  A steam dragon (D:8)
  9 water moccasins
  2 acid dragons
  Duvessa (D:7)
  8 orc warriors
  A swamp drake (D:9)
  3 black bears
  2 sky beasts (D:7)
  An ice beast (D:4)
  2 ogres
  12 wolves
  6 centaurs
  2 phantoms
  3 slime creature simulacra (IceCv)
  12 bullfrogs
  5 scorpions
  2 gnoll sergeants (D:8)
  10 wights
  Dowan (D:7)
  A killer bee (D:9)
  9 vampire bats (Bailey)
  2 howler monkeys
  4 wolf zombies (Bailey)
  5 hounds
  4 jellies
  Crazy Yiuf (D:6)
  A gnoll bouda (D:8)
  11 orc priests
  A sleepcap (D:5)
  Terence (D:3)
  3 iguanas
  7 orc wizards
  Robin (D:3)
  15 gnolls
  11 adders
  A river rat (D:4)
  A shadow imp (D:8)
  3 white imps
  3 worms
  31 orcs
  8 ball pythons
  11 endoplasms
  5 giant cockroaches
  13 goblins
  13 hobgoblins
  6 jackals (D:2)
  2 quokkas (D:4)
  6 bats
  2 frilled lizards
  4 kobolds
  20 orc zombies (Bailey)
  9 rats
  2 fire vortices (Lair:1)
390 creatures vanquished.

Vanquished Creatures (others)
  An orc wizard (D:5)
1 creature vanquished.

Grand Total: 391 creatures vanquished

Notes
Turn   | Place    | Note
-------+----------+-------------------------------------------
     0 | D:1      | porpoise the Djinni Earth Elementalist began the quest for
                  | the Orb.
     0 | D:1      | porpoise set off with the following spells memorised:
                  | Sandblast, Passwall, Stone Arrow, Petrify.
     0 | D:1      | Reached XP level 1. HP: 15/15 MP: 0/0
   336 | D:1      | Reached skill level 1 in Fighting
   336 | D:1      | Reached XP level 2. HP: 18/22 MP: 0/0
   473 | D:1      | Reached XP level 3. HP: 26/27 MP: 0/0
   473 | D:1      | Learned a level 1 spell: Shock
  1189 | D:2      | Reached XP level 4. HP: 12/33 MP: 0/0
  1462 | D:2      | Identified the +5 sling of Makhleb's Approval {antimagic,
                  | Str+4 Int+6 Dex-5}
  1661 | D:2      | Reached XP level 5. HP: 40/40 MP: 0/0
  1661 | D:2      | Learned a level 2 spell: Lesser Beckoning
  1965 | D:3      | Noticed Terence
  2118 | D:3      | Found a sacrificial altar of Ru.
  2253 | D:3      | Found a faded altar of an unknown god.
  2422 | D:3      | Noticed Robin
  2432 | D:3      | Killed Robin
  2619 | D:4      | Reached XP level 6. HP: 38/47 MP: 0/0
  2837 | D:3      | Killed Terence
  2983 | D:4      | Noticed an ice beast
  2992 | D:4      | Killed an ice beast
  3108 | D:4      | Noticed an acid dragon
  3112 | D:4      | Killed an acid dragon
  3113 | D:4      | Reached XP level 7. HP: 47/53 MP: 0/0
  3113 | D:4      | Learned a level 3 spell: Spider Form
  3200 | D:4      | Found a stormy altar of Qazlal.
  3209 | D:4      | Reached skill level 5 in Fighting
  3318 | D:4      | Reached skill level 5 in Spellcasting
  3399 | D:4      | Reached XP level 8. HP: 58/60 MP: 0/0
  3808 | D:5      | Entered Level 5 of the Dungeon
  4008 | D:5      | Noticed Grinder
  4014 | D:5      | Killed Grinder
  4184 | D:5      | Reached XP level 9. HP: 67/68 MP: 0/0
  4184 | D:5      | Learned a level 4 spell: Iskenderun's Mystic Blast
  4540 | D:5      | Found a staircase to the Ecumenical Temple.
  4548 | Temple   | Entered the Ecumenical Temple
  4947 | D:6      | Identified 2 scrolls of acquirement
  4947 | D:6      | Acquired a manual of Evocations
  4949 | D:6      | Acquired the amulet of Ascent {Reflect Regen+ Str+2 Int-2
                  | SH+5}
  5529 | D:6      | Found a hazy altar of Hepliaklqana.
  5530 | D:6      | Found a shimmering altar of Xom.
  5531 | D:6      | Noticed a spectral ugly thing
  5794 | D:6      | Found a runed translucent door.
  5795 | D:6      | Noticed Crazy Yiuf
  5802 | D:6      | Killed Crazy Yiuf
  5910 | D:7      | Reached skill level 1 in Evocations
  5923 | D:7      | Reached skill level 1 in Shields
  5954 | D:7      | Reached XP level 10. HP: 76/78 MP: 0/0
  5962 | D:7      | Found a bloodstained altar of Trog.
  6130 | D:7      | Found a flagged portal.
  6137 | Bailey   | Entered a bailey
  6259 | Bailey   | Reached skill level 5 in Evocations
  6593 | Bailey   | Reached skill level 10 in Fighting
  6722 | Bailey   | Noticed a gargoyle
  6727 | Bailey   | Killed a gargoyle
  6990 | Bailey   | Found the +3 salamander hide armour {Flames, rFlCloud rF++
                  | rC--}
  7294 | D:7      | Noticed Duvessa
  7294 | D:7      | Noticed Dowan
  7300 | D:7      | Killed Duvessa
  7303 | D:7      | Killed Dowan
  7328 | D:7      | Noticed Maggie
  7355 | D:7      | Killed Maggie
  7356 | D:7      | Reached skill level 5 in Shields
  7780 | D:8      | Found Xozom's Serpentskin Sales.
  7954 | D:8      | Reached XP level 11. HP: 86/86 MP: 0/0
  7954 | D:8      | Learned a level 4 spell: Dispel Undead
  8230 | D:8      | Noticed a two-headed ogre
  8238 | D:8      | Killed a two-headed ogre
  8257 | D:8      | Found Tamneidiuwn's Weapon Shoppe.
  8454 | D:8      | Reached skill level 1 in Short Blades
  8672 | D:8      | Found a burning altar of Makhleb.
  8672 | D:8      | Found a shadowy altar of Dithmenos.
  8673 | D:8      | Found a snail-covered altar of Cheibriados.
  8680 | D:8      | Became a worshipper of Makhleb the Destroyer
  8925 | D:9      | Noticed a two-headed ogre
  8932 | D:9      | Killed a two-headed ogre
  8954 | D:9      | Found an opulent altar of Gozag.
  9310 | D:9      | Reached * piety under Makhleb
  9511 | D:9      | Reached XP level 12. HP: 89/95 MP: 0/0
  9517 | D:9      | Found a staircase to the Lair.
  9850 | D:9      | Found an ornate altar of the Wu Jian Council.
  9993 | D:10     | Entered Level 10 of the Dungeon
 10008 | D:10     | Noticed Harold
 10020 | D:10     | Killed Harold
 10054 | D:10     | Reached skill level 10 in Evocations
 10117 | D:10     | Noticed Grum
 10123 | D:10     | Killed Grum
 10156 | D:10     | Noticed a two-headed ogre
 10158 | D:10     | Found a portal to a secret trove of treasure.
 10161 | D:10     | Killed a two-headed ogre
 10162 | D:10     | Reached skill level 5 in Stealth
 10294 | D:10     | Reached ** piety under Makhleb
 10299 | D:10     | Reached skill level 5 in Short Blades
 10531 | D:10     | Identified the +4 flail of Courage {freeze, Stlth+}
 10543 | D:10     | Identified the +2 ring mail "Ideolot" {*Slow rF+ rCorr}
 10669 | Lair:1   | Entered Level 1 of the Lair of Beasts
 10900 | Lair:1   | Noticed a catoblepas
 10908 | Lair:1   | Killed a catoblepas
 11594 | Lair:2   | Found a runed translucent gate.
 11594 | Lair:2   | Found a runed translucent gate.
 11594 | Lair:2   | Found a runed translucent gate.
 11604 | Lair:2   | Reached XP level 13. HP: 59/101 MP: 0/0
 11604 | Lair:2   | Learned a level 5 spell: Silence
 11667 | Lair:2   | Reached *** piety under Makhleb
 11781 | Lair:2   | Found a staircase to the Swamp.
 11789 | Lair:2   | Reached skill level 1 in Invocations
 11884 | Lair:2   | Reached skill level 5 in Dodging
 11974 | Lair:2   | Noticed a five-headed hydra
 11983 | Lair:2   | Killed a five-headed hydra
 12564 | Lair:2   | Noticed porpoise's ghost (journeyman MfGl)
 12665 | Lair:3   | Found a frozen archway.
 12679 | IceCv    | Entered an ice cave
 12849 | IceCv    | Reached **** piety under Makhleb
 12875 | IceCv    | Reached skill level 5 in Invocations
 12888 | IceCv    | Identified the ring of Lugonu's Hope {rElec rC- rCorr
                  | Str+6}
 12891 | IceCv    | Engulfed by an ice statue's freezing vapour

Illustrated notes

Levels and vault maps discovered:
D:1:      saegor_arrival_simple_b, layout_loops_corners,
          chequers_serial_rivers_room_b
D:2:      layout_rooms, grunt_ministairs_10, minmay_between
D:3:      layout_rooms, mainiacjoe_overflow_tiny_flanked, serial_glass,
          glass_columns_a, glass_columns_a, shapermc_ecumenical_altar_gd,
          minivault_24, minmay_vboxes, uniq_robin, uniq_terence
D:4:      layout_basic, old_standard_altar, portal_sewer_entry_e,
          minmay_joined_circles
D:5:      layout_basic, minmay_temple_entry_water_ring, uniq_grinder
D:6:      layout_loops_cross, regret_index_temple_of_mockery, roderic_lattice_a,
          st_stairs_7, uniq_crazy_yiuf_cottage
D:7:      layout_basic, trog_book, enter_bailey_2,
          corexii_item_surrounded_by_moat, uniq_duvessa, uniq_maggie
D:8:      minmay_polygon_palace, layout_loops_ring,
          chequers_temple_overflow_statue_of_worship, serial_shops,
          nicolae_shop_tiny_glass, reono_crystal_passage, minmay_misc_feat_tiny,
          minmay_misc_feat_doors, serial_bayou_pond_a, abandoned_shop,
          minmay_misc_feat_four_crosses, guppyfry_shop_venom
D:9:      layout_basic, lemuel_crystal_altar,
          nicolae_wu_jian_immortal_techniques, erik_lair_dragon, st_stairs_5,
          statue_in_the_mist_lemuel, serial_park_tiny_1
D:10:     layout_rooms, nicolae_trove_entry_free_sample, uniq_grum, uniq_harold
Temple:   chequers_temple_sunken
Lair:1:   layout_gridlike, serial_rivers, chequers_serial_rivers_micro_e,
          chequers_serial_rivers_marsh, chequers_serial_rivers_small_b,
          chequers_serial_rivers_micro_e, chequers_serial_rivers_small_a,
          chequers_serial_rivers_micro_e, nicolae_quartered_pool_impasse,
          beast_lair_carwin_8
Lair:2:   layout_long_grid, skrybe_swamp_entry_bodies,
          gammafunk_ghost_necromancy, beast_lair_carwin_1
Lair:3:   layout_regular_city, spider_nest_entry_web_field,
          portal_ice_cave_demonic_guard, uniq_sonja
IceCv:    ice_cave_hellmonk_azure_passage

Skill      XL: |  1  2  3  4  5  6  7  8  9 10 11 12 13 |
---------------+----------------------------------------+-----
Fighting       | 1 2 3 4 5 7 9 10 12 | 12.0
Spellcasting   | 3 4 5 6 7 8 9 |  9.0
Evocations     | 2 7 9 11 12 | 12.3
Shields        | 1 5 |  5.0
Stealth        | 3 5 |  5.0
Short Blades   | 3 6 7 |  7.0
Dodging        | 7 |  7.1
Invocations    | 5 |  5.0

Action                     |  1- 3 |  4- 6 |  7- 9 | 10-12 | 13-15 || total
---------------------------+-------+-------+-------+-------+-------++-------
  Melee: Dagger            |       |     5 |     4 |       |       ||     9
         Short sword       |       |       |    19 |    37 |       ||    56
   Fire: Sling             |       |    64 |    64 |   422 |   188 ||   738
   Cast: Sandblast         |    43 |    51 |   116 |    70 |     9 ||   289
         Shock             |     1 |       |       |       |       ||     1
         Stone Arrow       |       |     8 |     5 |    29 |       ||    42
         Iskenderun's Myst |       |       |     2 |     6 |     5 ||    13
         Petrify           |       |       |       |     4 |       ||     4
         Dispel Undead     |       |       |       |     1 |       ||     1
    Use: Scroll            |       |     3 |    10 |    10 |     1 ||    24
         Potion            |       |       |     2 |     1 |       ||     3
   Stab: Sleeping          |       |       |     1 |       |       ||     1
         Petrified         |       |       |       |     8 |       ||     8
         Held in net/web   |       |       |       |     2 |       ||     2
 Armour: Robe              |     2 |    11 |    23 |     7 |       ||    43
         Leather armour    |       |       |       |    30 |    20 ||    50
  Dodge: Dodged            |    13 |    68 |    67 |   138 |    46 ||   332
  Block: Buckler           |       |       |    13 |   121 |    45 ||   179
         Reflection        |       |       |     1 |     7 |       ||     8
